 Dungeon Crawl Stone Soup version 0.26-a0-200-g62faa89a7e (webtiles) character file.

Game seed: 7932738900308990584

0 Gargoyl the Skirmisher (level 1, -20/19 HPs)
             Began as a Centaur Abyssal Knight on July 5, 2020.
             Was a Follower of Lugonu.
             Killed from afar by a shadow dragon (33 damage)
             ... with a bolt of negative energy
             ... on level 3 of the Abyss.
             The game lasted 00:00:55 (398 turns).

Gargoyl the Skirmisher (Centaur Abyssal Knight)      Turns: 398, Time: 00:00:56

Health: -20/19     AC:  6    Str: 14    XL:     1   Next: 0%
Magic:  2/2        EV:  6    Int: 11    God:    Lugonu [*.....]
Gold:   29         SH:  0    Dex:  8    Spells: 0/0 levels left

rFire    . . .     SeeInvis .   a - +2 hand axe
rCold    . . .     Faith    .   (no shield)
rNeg     . . .     Spirit   .   f - +0 scale mail
rPois    .         Reflect  .   (no helmet)
rElec    .         Harm     .   (no cloak)
rCorr    .                      (no gloves)
MR       .....                  (no barding)
Stlth    ..........             (no amulet)
HPRegen  0.06/turn              (no ring)
MPRegen  0.08/turn              (no ring)

@: drained, very quick
A: large, hooves 3, deformed body, speed 2, tough skin 3
a: Depart the Abyss, Renounce Religion


You were on level 3 of the Abyss.
You worshipped Lugonu.
Lugonu was aware of your devotion.
You were not hungry.

You visited 0 branches of the dungeon, and saw 0 of its levels.
You visited the Abyss 1 time.

You collected 29 gold pieces.

Inventory:

Hand Weapons
 a - a +2 hand axe (weapon)
Armour
 f - a +0 scale mail (worn)
Comestibles
 c - 2 rations


   Skills:
 + Level 3.0(2.3) Fighting
 + Level 1.7(1.1) Axes
 + Level 1.3(0.8) Armour
 + Level 0.6(0.0) Dodging
 + Level 2.0(1.3) Invocations


You couldn't memorise any spells.
You didn't know any spells.
Your spell library was empty.

Dungeon Overview and Level Annotations

Branches:
Dungeon (0/15)

Altars:


Innate Abilities, Weirdness & Mutations

You have hooves in place of feet.
Armour fits poorly on your strangely shaped body.
You cover ground very quickly.
You have extremely tough skin. (AC +3)


Message History

You feel the power of the Abyss delaying your translocation!
Tentacles burst from the starspawn's body!
The worldbinder hits you. x2
A small abomination comes into view. 2 starspawn tentacles come into view.
A ynoxinul comes into view.
The worldbinder calls forth creatures from the Crypt!
The ynoxinul bellows!
Found a scroll of remove curse.
You are suddenly pulled into a different region of the Abyss!
A chaos spawn comes into view.
The chaos spawn gives a chilling moan.
You hear a roar! x2
A shadow dragon and a large abomination come into view.
A green draconian stormcaller comes into view.
It is wielding a +0 long sword.
The green draconian stormcaller roars!
You open the door.
The shadow dragon breathes negative energy at you.
The bolt of negative energy hits you!!
You feel drained.
Ouch! That really hurt!
You die...

#§. §q. ..
##.### +
#.§..########
D§....#.....#
##§4...'..©..+
#.....@#
#..§X..#
##§§..## #####


You could see a shadow dragon (catching breath), a green draconian stormcaller,
a large abomination and a chaos spawn.

Vanquished Creatures (others)
  4 starspawn tentacles (Abyss:3)
4 creatures vanquished.

Notes
Turn   | Place    | Note
-------+----------+-------------------------------------------
     0 | Abyss:1  | Gargoyl the Centaur Abyssal Knight began the quest for the
                  | Orb.
     0 | Abyss:1  | Reached XP level 1. HP: 19/19 MP: 2/2
    18 | Abyss:1  | Found a sparkling altar of Nemelex Xobeh.
    80 | Abyss:1  | Noticed an ice dragon zombie
   174 | Abyss:3  | Noticed an orange demon
   176 | Abyss:3  | Noticed a cacodemon
   177 | Abyss:3  | Noticed an orange demon
   178 | Abyss:3  | Noticed an orange demon
   371 | Abyss:3  | Noticed a worldbinder
   373 | Abyss:3  | Noticed a tentacled starspawn
   381 | Abyss:3  | Noticed a small abomination
   382 | Abyss:3  | Noticed a ynoxinul
   385 | Abyss:3  | Noticed a necromancer
   396 | Abyss:3  | Noticed a chaos spawn
   397 | Abyss:3  | Noticed a shadow dragon
   397 | Abyss:3  | Noticed a large abomination
   397 | Abyss:3  | Noticed a green draconian stormcaller
   398 | Abyss:3  | Killed from afar by a shadow dragon

Illustrated notes

Levels and vault maps discovered:
Abyss:3:  lemuel_flamethrower_2, minivault_27,
          due_evilmike_abyss_rune_seething_liches,
          grunt_abyss_exit_deep_breaths, gammafunk_abyss_rune_reverse_zot

Action                   || total
-------------------------++-------
  Use: Scroll            ||     5
       Potion            ||     1

Table legend:
 A = Non-vault XP
 B = Vault XP
 C = Vault XP percentage of total XP
 D = Non-vault monster count
 E = Vault monster count
 F = Vault count percentage of total count
                 A         B        C        D         E       F
            +---------+---------+-------+---------+---------+-------
      Total |       0 |       0 |   N/A |       0 |       0 |  -nan
            +---------+---------+-------+---------+---------+-------
            +---------+---------+-------+---------+---------+-------
